samhack, lawful male human Samurai --- --- --.---.-- |.......| --......-- -- |........--- --.--..........---- |......|..........-- -- --....---..........-- .---- -- --.)...%......................| ---.---......................-- |<..|...[.......--- .....| --- |..-|.......).--- --- |.[|--.).....-| -----------....%..| -..................--.----- -- ----------.---|.....| ..| ---...------- .- --- |...D..d@g...- ---.---------- --- samhack the Ninja Experience level: 6 Strength: 6 Dexterity: 16 Constitution: 17 Intelligence: 8 Wisdom: 10 Charisma: 8 Health: 0(55) Energy: 26(26) Def: 10 Gold: 75 Moves: 1583 Dungeon seed: cKgsmAOpA6tXssWy Game ID: samhack_1468499188 Your Inventory: Coins $ - 75 gold pieces Weapons a - a +0 katana (alternate weapon; not wielded) b - a +0 wakizashi c - a +0 yumi (weapon in hand) d - 23 +0 ya (in quiver) f - 2 +0 arrows i - 11 blessed +0 arrows j - a blessed +2 arrow E - 9 cursed poisoned -2 darts G - 5 blessed +2 daggers Q - 14 cursed -1 arrows R - a blessed +1 bow W - a +0 elven dagger Armor n - an uncursed +0 dwarvish cloak K - an uncursed +0 dwarvish cloak (being worn) M - a blessed +2 dwarvish mithril-coat (being worn) O - an uncursed +0 pair of iron shoes (being worn) Z - an uncursed +0 dwarvish mithril-coat Comestibles g - an uncursed fortune cookie V - an uncursed gunyoki Scrolls h - an uncursed scroll of enchant armor X - an uncursed scroll of blank paper Potions I - an uncursed potion of healing Tools l - an uncursed towel o - an uncursed magic whistle p - an uncursed skeleton key t - an uncursed tin whistle u - 8 uncursed tallow candles (0:200) v - an uncursed tin whistle w - 7 uncursed wax candles (0:400) F - an uncursed mirror H - an uncursed skeleton key S - an uncursed tin whistle T - a +0 pick-axe Gems q - an uncursed worthless piece of red glass r - 2 uncursed worthless pieces of yellow glass y - 2 uncursed worthless pieces of yellowish brown glass z - 2 uncursed amber stones D - an uncursed amethyst stone N - an uncursed garnet stone Y - 2 uncursed worthless pieces of orange glass Spells and supernatural/magical abilities: Name Level Category Fail Memory W - pray for help -- divine ? -- Your skills at the end: Fighting Skills martial arts [Basic] Weapon Skills short sword [Basic] long sword [Skilled] bow [Basic] Spellcasting Skills Final Attributes: You were fervently aligned. You were fast. You are dead. Vanquished creatures: a baby yellow dragon a lich a shrieker 6 gnome lords a gnomish wizard 2 dwarves a kobold lord a wererat an iguana a coyote 32 gnomes 2 jackals a kobold 2 goblins 5 grid bugs a lichen 3 newts 62 creatures vanquished. Voluntary challenges: You used a wielded weapon 88 times, starting on turn 35. You read items or engraved 4 times, starting on turn 1501. You never genocided any monsters. You never polymorphed an object. You never changed form. You used no wishes. You never split a pudding. You wrote Elbereth's name 2 times, starting on turn 1502. You violated your moral code, losing 14 points of alignment, starting on turn 1363. Dungeon overview: The Dungeons of Doom: levels 1 to 2 Level 1 a fountain a long staircase Level 2 stairs to The Gnomish Mines The Gnomish Mines: levels 3 to 7 Level 3 stairs to The Dungeons of Doom Level 4 Level 5 Level 6 many shops, a temple to Raijin, some fountains, some trees Level 7 <- You were here History has recorded: On T:1 you entered the Dungeons of Doom to retrieve the Amulet of Yendor! On T:63 you reached level 2 of The Dungeons of Doom. On T:427 you reached level 1 of The Gnomish Mines. On T:457 you advanced to experience level 2. On T:518 you advanced to experience level 3. On T:797 you reached level 2 of The Gnomish Mines. On T:799 you advanced to experience level 4. On T:855 you reached level 3 of The Gnomish Mines. On T:973 you advanced to experience level 5. On T:1060 you reached level 4 of The Gnomish Mines. On T:1235 you advanced to experience level 6. On T:1487 you reached level 5 of The Gnomish Mines. On T:1578 you advanced to experience level 6. Score breakdown: Gold: 75 ( 6397 points) Experience: 6 levels (12456 points) Exploration: 7 levels ( 15.22%) (10954 points) Discoveries: 4 items ( 1.63%) ( 3825 points) Valuables value: (no points given unless you survive) Artifact value: 0 ( 0 points) Variety of kills: 17 monsters ( 4.46%) ( 6336 points) Turncount: 1583 turns ( 0 points) Survival: died (score multiplied by 80%) Total score: 31974 Latest messages: You destroy it! Its body crumbles into dust. Welcome to experience level 6. You kill the gnome! You have a little trouble lifting d - 2 +0 ya (in quiver). There are a few more objects here. The gargoyle hits! The gargoyle just misses! The gargoyle bites! The ya misses the gargoyle. You shoot 2 ya. The 1st ya misses the gargoyle. The 2nd ya misses the gargoyle. The gargoyle hits! (2x) The gargoyle just misses! The ya misses the gargoyle. The gargoyle hits! You die... Final status: Sayonara samhack the Samurai, killed by a gargoyle... You died in The Gnomish Mines on dungeon level 7 with 31974 points, and 75 pieces of gold, after 1583 moves. You were level 6 with a maximum of 55 hit points when you died.